 Dungeon Crawl Stone Soup version 0.28-a0-1080-g05a166d0ed (webtiles) character file.

Game seed: 2322313899243432467

0 spiderkeys the Ducker (level 1, -1/13 HPs)
             Began as a Deep Elf Abyssal Knight on Dec 10, 2021.
             Was a Follower of Lugonu.
             Killed by nerve-wracking pain
             ... invoked by a shadow imp
              (12 damage)
             ... on level 1 of the Abyss.
             The game lasted 00:00:50 (561 turns).

spiderkeys the Ducker (Deep Elf Abyssal Knight)      Turns: 561, Time: 00:00:51

Health: -1/13      AC:  3    Str: 10    XL:     1   Next: 0%
Magic:  4/4        EV: 12    Int: 14    God:    Lugonu [*.....]
Gold:   42         SH:  0    Dex: 15    Spells: 0/0 levels left

rFire   . . .      SeeInvis .   a - +1 short sword
rCold   . . .      Faith    .   (no shield)
rNeg    . . .      Spirit   .   b - +0 leather armour
rPois   .          Reflect  .   (no helmet)
rElec   .          Harm     .   (no cloak)
rCorr   .          Rampage  .   (no gloves)
Will    .....                   (no boots)
Stlth   +.........              (no amulet)
HPRegen 0.04/turn               (no ring)
MPRegen 0.09/turn               (no ring)

@: no status effects
A: no striking features
a: Renounce Religion, Depart the Abyss


You were on level 1 of the Abyss.
You worshipped Lugonu.
Lugonu was aware of your devotion.
You visited 0 branches of the dungeon, and saw 0 of its levels.
You visited the Abyss 1 time.

You collected 42 gold pieces.


   Skills:
 + Level 2.4 Fighting
 + Level 2.0 Short Blades
 + Level 0.7 Armour
 + Level 2.4 Dodging
 + Level 2.0 Invocations


You couldn't memorise any spells.
You didn't know any spells.
Your spell library was empty.

Inventory:

Hand Weapons
 a - a +1 short sword (weapon)
Missiles
 c - 3 bolts
Armour
 b - a +0 leather armour (worn)
Scrolls
 f - a scroll of teleportation {@r4}
Potions
 d - a potion of ambrosia {unknown}
 e - a potion of degeneration {unknown}

Dungeon Overview and Level Annotations

Branches:
Dungeon (0/15)

Altars:

#... .... ... .##....
...# ..#
.....###..##..##.
#....#..........
##.......?......
###.........# ..#
.#.....§§§§... ##..##.
#....##§§X.#..........
#..§@§5###X........
#...###§§§§#...##..##
# #..§§§....# .#
############.# ###
...... ...#.#..... #
#..##.#.......#.#.# #.
# . #... .#.. # #...
X##.##.. .. .
.#...#.#. .# ..#


You could see a tentacled starspawn and a shadow imp.


Message History

🤖 Initializing magus.rc ... ✅ Successfully initialized magus.rc [v1.9.10] Welcome, spiderkeys the Deep Elf Abyssal Knight.
Everyone else who sought the Orb of Zot has failed.
Will you be different?
Lugonu says: Depart the Abyss and spread corruption, my servant! (use the ability menu to exit the Abyss) Press ? for a list of commands and other information.
Found a corrupted altar of Lugonu.
There is a corrupted altar of Lugonu here.
c - 3 bolts Unknown command.
d - a scroll labelled DAOCHO EXACECE You now have 5 gold pieces.
A large abomination comes into view.
As you read the scroll labelled DAOCHO EXACECE, it crumbles to dust.
You feel strangely unstable.
You feel the power of the Abyss delaying your translocation!
It was a scroll of teleportation.
A large abomination is nearby!
The large abomination misses you.
You are suddenly pulled into a different region of the Abyss!
A cyan very ugly thing comes into view.
The cyan very ugly thing gurgles horribly!
You hear a horrible gurgling sound! x4
You are suddenly pulled into a different region of the Abyss!
Unknown command.
Done exploring.
Unknown command.
Done exploring.
You start waiting.
You are suddenly pulled into a different region of the Abyss!
You start waiting.
Done waiting.
You now have 13 gold pieces (gained 8).
You now have 29 gold pieces (gained 16).
d - a green potion
e - a dark potion
f - a scroll of teleportation {@r4} You now have 42 gold pieces (gained 13).
A tentacled starspawn comes into view.
A tentacle flies out from the starspawn's body!
A starspawn tentacle comes into view.
A shadow imp comes into view.
The shadow imp shouts, "Decamp, thou rootless weevil-witted clam!"
The shadow imp shouts, "Take thy face hence, thou mooning saucy clotpole!"
Okay, then.
The shadow imp hits you. 😕 HP[-2]
You take 2 damage, and now have 11/13 hp.
You see here a scroll labelled VAUCKU MIKIB.
As you read the scroll labelled VAUCKU MIKIB, it crumbles to dust.
The scroll dissolves into smoke.
It was a scroll of fog.
The shadow imp barely misses you. The shadow imp gestures at you.
Pain shoots through your body!
Ouch! That really hurt!
You die...

Action                   || total
-------------------------++-------
  Use: Scroll            ||     2
Dodge: Dodged            ||     2

Levels and vault maps discovered:
Abyss:1:  base: Temple, base: Temple, lemuel_flamethrower_2,
          lemuel_flamethrower_2, evilmike_abyss_exit_mutagenic

Notes
Turn   | Place    | Note
-------+----------+-------------------------------------------
     0 | Abyss:1  | spiderkeys the Deep Elf Abyssal Knight began the quest for
                  | the Orb.
     0 | Abyss:1  | Reached XP level 1. HP: 13/13 MP: 4/4
     0 | Abyss:1  | magus.rc [v1.9.10]
   180 | Abyss:1  | Noticed a large abomination
   231 | Abyss:1  | Noticed a cyan very ugly thing
   534 | Abyss:1  | Noticed a tentacled starspawn
   561 | Abyss:1  | Killed from afar by a shadow imp

Vanquished Creatures (others)
  2 starspawn tentacles (Abyss:1)
2 creatures vanquished.

Table legend:
 A = Non-vault XP
 B = Vault XP
 C = Vault XP percentage of total XP
 D = Non-vault monster count
 E = Vault monster count
 F = Vault count percentage of total count
                 A         B        C        D         E       F
            +---------+---------+-------+---------+---------+-------
      Total |       0 |       0 |   N/A |       0 |       0 |  -nan
            +---------+---------+-------+---------+---------+-------
            +---------+---------+-------+---------+---------+-------

Illustrated notes

Table legend: (Time is in decaauts)
 A = Elapsed time spent in this place.
 B = Non-inter-level travel time spent in this place.
 C = Inter-level travel time spent in this place.
 D = Time resting spent in this place.
 E = Time spent auto-exploring this place.
 F = Levels seen in this place.
 G = Mean time per level.
                   A        B        C        D        E       F      G
               +--------+--------+--------+--------+--------+-----+--------+
         Total |    561 |    561 |      0 |    195 |    237 |   1 |  561.0 |
         Abyss |    561 |    561 |      0 |    195 |    237 |   1 |  561.0 |
               +--------+--------+--------+--------+--------+-----+--------+

Top non-repeatable levels by time:
 Abyss:1: 561 daAuts
